Map: Triton LE

Players

HeRoMaRinE - Winner!

  • Race: Terran Terran
  • Spawn Location: 11:00

Classic

  • Race: Protoss Protoss
  • Spawn Location: 5:00

Event: 2019 WCS Global FInals

VOD

Have the link to the VOD?

Description

Time

  • Played on: Oct. 25, 2019, 11:55 p.m.
  • Length: 18:32

All games in this series

Show
View Real Time Build Order
Export as new Build Order

HeRoMaRinE Terran - Winner!

Build Orders: Reaper Expand 

Get SALT Encoding   

  12  0:00  SCV  
  13  0:12  SCV  
  14  0:17  Supply Depot  
  14  0:24  SCV  
  15  0:39  Barracks, SCV  
  16  0:42  Refinery  
  16  0:51  SCV  
  17  1:03  SCV  
  18  1:15  SCV  
  19  1:27  Reaper, Orbital Command  
  20  1:45  Command Center  
  20  1:52  SCV  
  21  1:57  Supply Depot  
  21  1:59  Marine  
  22  2:04  SCV  
  23  2:10  Factory  
  23  2:19  SCV  
  23  2:20  Barracks Reactor  
  24  2:28  Barracks  
  24  2:31  SCV  
  24  2:35  Refinery  
  25  2:43  SCV  
  26  2:55  Widow Mine, SCV  
  26  2:57  Orbital Command  
  29  2:59  Marine x2  
  29  3:05  Starport  
  30  3:07  SCV  
  31  3:15  Barracks Tech Lab  
  35  3:20  Widow Mine  
  35  3:21  SCV  
  35  3:23  SCV  
  37  3:33  SCV  
  36  3:34  Supply Depot  
  36  3:35  SCV  
  36  3:37  Marine x2  
  36  3:38  Marine, Refinery  
  40  3:45  Medivac  
  40  3:46  SCV  
  40  3:47  Factory Tech Lab, SCV  
  44  3:54  Stimpack  
  44  3:58  SCV  
  44  4:00  SCV  
  49  4:06  Supply Depot  
  49  4:10  SCV  
  49  4:12  SCV  
  49  4:13  Siege Tank  
  49  4:16  Barracks  
  51  4:18  Starport Reactor  
  51  4:22  Engineering Bay, SCV  
  51  4:24  SCV  
  53  4:25  Marine  
  53  4:28  Marine  
  53  4:29  Supply Depot  
  53  4:31  Marine  
  56  4:36  SCV x2  
  58  4:40  Supply Depot  
  58  4:45  Siege Tank  
  61  4:48  SCV  
  61  4:49  Terran Infantry Weapons Level 1  
  61  4:50  SCV  
  63  4:54  Supply Depot  
  63  4:56  Marine x3  
  66  5:00  SCV  
  66  5:02  SCV  
  66  5:07  Starport Reactor  
  68  5:09  Marine x2  
  70  5:14  SCV x2  
  70  5:15  Marauder  
  70  5:17  Supply Depot, Marine x2, Refinery  
  76  5:28  Supply Depot  
  76  5:33  Widow Mine x2  
  76  5:34  Combat Shield, Marauder  
  76  5:35  Marine x2  
  84  5:37  Supply Depot  
  84  5:39  Concussive Shells, Marauder  
  84  5:42  Medivac  
  88  5:49  Medivac  
  90  5:52  Supply Depot  
  90  5:53  Marine x2  
  94  5:57  Widow Mine x2  
  94  5:59  Marauder  
  94  6:01  Marauder  
  99  6:07  SCV x2  
  98  6:13  Marine  
  98  6:14  Medivac, Marine  
  102  6:19  Supply Depot  
  102  6:20  Marauder  
  102  6:22  Marauder  
  102  6:23  Widow Mine x2  
  110  6:31  Medivac  
  110  6:32  Reaper  
  113  6:33  Marine  
  114  6:41  Marauder  
  114  6:43  Marine  
  114  6:45  Widow Mine x2  
  121  6:51  Marine  
  118  6:57  Medivac  
  117  7:01  Command Center  
  117  7:02  Marauder  
  117  7:03  Marine, Marauder  
  108  7:09  Marine  
  108  7:11  Widow Mine x2, Medivac  
  113  7:17  SCV x2  
  113  7:21  Marine  
  108  7:23  Marauder  
  108  7:24  Marauder  
  108  7:25  Barracks  
  108  7:26  Barracks  
  108  7:28  Marine  
  109  7:32  SCV x2  
  109  7:36  Widow Mine x2  
  114  7:38  Medivac  
  114  7:39  Marine  
  115  7:44  Marauder  
  115  7:48  Terran Infantry Armor Level 1, Marauder  
  114  7:51  Medivac  
  114  7:58  Marine  
  111  8:02  Widow Mine  
  111  8:03  Widow Mine  
  111  8:05  SCV x2  
  117  8:06  Marauder  
  117  8:08  Medivac  
  117  8:10  Marauder  
  121  8:16  Orbital Command  
  121  8:17  SCV x2  
  121  8:29  SCV  
Show
View Real Time Build Order
Export as new Build Order

Classic Protoss 

Build Orders: 1 Gate Expand, Double Forge, Phoenix Opening, Blink Stalkers 

Get SALT Encoding   

  12  0:00  Probe  
  13  0:12  Probe  
  14  0:17  Pylon  
  14  0:24  Probe  
  15  0:35  Gateway  
  15  0:36  Probe (Chrono Boost)  
  16  0:46  Assimilator, Probe (Chrono Boost)  
  17  0:51  Probe (Chrono Boost)  
  18  1:03  Probe  
  19  1:15  Probe  
  20  1:23  Nexus  
  20  1:33  Cybernetics Core  
  20  1:35  Probe  
  21  1:42  Assimilator  
  21  1:48  Probe  
  21  1:51  Pylon  
  22  2:00  Probe  
  23  2:07  Adept (Chrono Boost)  
  23  2:10  Warp Gate  
  23  2:12  Probe  
  26  2:24  Probe (Chrono Boost)  
  27  2:30  Sentry  
  27  2:35  Probe (Chrono Boost)  
  27  2:36  Probe (Chrono Boost)  
  32  2:44  Probe (Chrono Boost)  
  32  2:45  Probe (Chrono Boost)  
  33  2:51  Probe  
  33  2:52  Twilight Council, Probe  
  33  2:55  Stalker  
  37  3:03  Probe  
  37  3:04  Probe  
  39  3:08  Phoenix  
  39  3:11  Gateway  
  39  3:15  Probe  
  39  3:16  Probe  
  41  3:20  Pylon  
  41  3:23  Blink (Chrono Boost)  
  41  3:25  Stalker  
  43  3:28  Probe x2  
  43  3:31  Assimilator  
  45  3:40  Probe x2  
  47  3:42  Robotics Facility  
  47  3:52  Probe x2  
  47  3:55  Pylon  
  49  4:04  Probe x2  
  49  4:07  Nexus  
  51  4:13  Stalker x2  
  55  4:18  Pylon, Probe  
  55  4:20  Probe  
  57  4:27  Forge  
  57  4:30  Forge  
  57  4:34  Probe x2  
  57  4:38  Observer  
  60  4:40  Stalker  
  60  4:44  Stalker  
  64  4:47  Probe x2  
  64  4:48  Protoss Ground Weapons Level 1 (Chrono Boost)  
  66  4:53  Pylon  
  66  4:58  Protoss Ground Armor Level 1 (Chrono Boost)  
  66  4:59  Observer  
  67  5:01  Probe x2  
  67  5:03  Pylon  
  69  5:14  Charge  
  69  5:15  Probe x2  
  69  5:18  Probe  
  69  5:20  Gateway x2  
  72  5:27  Probe  
  72  5:28  Probe  
  74  5:30  Probe  
  74  5:31  Stalker x2  
  79  5:40  Gateway  
  79  5:42  Gateway  
  79  5:44  Probe  
  79  5:45  Probe x2  
  82  5:53  Gateway x2  
  82  5:56  Immortal (Chrono Boost)  
  86  6:11  Sentry x2  
  86  6:13  Pylon  
  86  6:15  Pylon  
  86  6:16  Photon Cannon  
  86  6:17  Zealot  
  88  6:20  Shield Battery, Zealot  
  88  6:21  Shield Battery  
  88  6:23  Shield Battery  
  90  6:28  Pylon  
  90  6:32  Immortal (Chrono Boost)  
  94  6:36  Sentry  
  94  6:37  Zealot x3  
  102  6:40  Zealot x2  
  91  6:57  Zealot  
  91  6:58  Zealot x3  
  84  7:02  Zealot x2  
  74  7:13  Immortal (Chrono Boost)  
  74  7:19  Zealot  
  74  7:20  Zealot x5  
  68  7:25  Zealot x2  
  56  7:41  Zealot x6  
  64  7:45  Zealot  
  60  7:51  Zealot  
  56  8:02  Zealot x4  
  58  8:07  Zealot  
  58  8:08  Zealot  
  51  8:13  Zealot  
  51  8:17  Zealot  
Tags
 
Add a new tag
Caveats
  • Supply blocks, unpowered buildings, or Contaminate may cause inaccurate times.
  • Supply counts are checked every 10 seconds.